[Event "*** SCC Grand Prix: Titled Tuesday Blitz"]
[Site "Chess.com"]
[Date "2020.06.23"]
[Round "10"]
[White "Dr_crypt"]
[Black "mfwagnerpeixoto"]
[Result "1-0"]
[WhiteElo "2354"]
[BlackElo "2195"]
[TimeControl "180+1"]
[EndTime "11:57:10 PDT"]
[Termination "Dr_crypt won by resignation"]

1. d4 Nf6 2. Nf3 e6 3. Bf4 b6 4. e3 Bb7 5. Bd3 Be7 6. O-O c5 7. Nbd2 Nc6 8. c3 O-O 9. h3 d6 10. Bh2 Re8 11. Re1 Bf8 12. e4 cxd4 13.
cxd4 e5 14. Bb5 exd4 15. Rc1 Rc8 16. Qa4 a6 17. Bxc6 b5 18. Bxb5 axb5 19. Rxc8 Qxc8 20.
Qxb5 Nxe4 21. Nxe4 Rxe4 22. Rxe4 Bxe4 23. Qe2 Bxf3 24.
gxf3 Qxh3 25. a4 Qd7 26. Qb5 Qe6 27. a5 Qe1+ 28. Kg2 Qa1 29. a6 d3 30. Qxd3 g6 31. Qb5 Kg7 32. Qb7 1-0

[Event "*** SCC Grand Prix: Titled Tuesday Blitz"]
[Site "Chess.com"]
[Date "2020.06.23"]
[Round "10"]
[White "PawnEatingZombie"]
[Black "Rskaak"]
[Result "1-0"]
[WhiteElo "2093"]
[BlackElo "1705"]
[TimeControl "180+1"]
[EndTime "11:57:11 PDT"]
[Termination "PawnEatingZombie won by resignation"]

1. d4 Nf6 2. c4 g6 3. Nc3 Bg7 4. e4 d6 5. Be2 O-O 6. Be3 Nbd7 7. Nf3 Re8 8. O-O e5 9. d5 Nb6 10. Nd2 Ng4 11. Bxg4 Bxg4 12. Qxg4 Qe7 13. Qe2 Nd7 14. b4 Rf8 15. Nb3 f5 16. f3 Qh4 17.
c5 Nf6 18. Nd2 f4 19. Bf2 Qh6 20. Nc4 Ne8 21. cxd6 cxd6 22. Nb5 Rf6 23. Nxa7 g5 24. Nb5 Qg6 25. a4 h5 26. Nb6 Rd8 27. h3 Bf8 28. Rac1 Rf7 29. Rc8 Rxc8 30. Nxc8 Rg7 31. Rc1 Nf6 32. Ncxd6 g4 33. fxg4 hxg4 34. hxg4 Nxg4 35.
Nf5 Rh7 36. Rc8 Rh5 37. Ne7+ Kf7 38. Nxg6 Kxg6 39. Qxg4+ 1-0

[Event "*** SCC Grand Prix: Titled Tuesday Blitz"]
[Site "Chess.com"]
[Date "2020.06.23"]
[Round "10"]
[White "politeplayer"]
[Black "aa175"]
[Result "0-1"]
[WhiteElo "2188"]
[BlackElo "2404"]
[TimeControl "180+1"]
[EndTime "11:57:12 PDT"]
[Termination "aa175 won by checkmate"]

1. e4 c5 2. d4 cxd4 3. c3 Nf6 4. e5 Nd5 5. Nf3 Nc6 6. Bc4 Nb6 7. Bb3 d5 8. exd6 Qxd6 9. Na3 a6 10. O-O e6 11.
Re1 Be7 12. cxd4 O-O 13. Be3 Bd7 14. Rc1 Rac8 15. Qd3 Nb4 16. Qe4 Bc6 17. Qb1 Qb8 18. Ne5 N6d5 19. Nac4 b5 20. Na5 Be8 21. a3 Nxe3 22.
Rxe3 Rxc1+ 23. Qxc1 Bg5 24. axb4 Qd6 25. Qc5 Qd8 26. Rg3 Be7 27. Qc1 Bxb4 28. Nac6 Qc7 29.
Qg5 f6 30. Bxe6+ Kh8 31. Ng6+ Bxg6 32. Rh3 Qxc6 33. Qxg6 Qc1# 0-1

[Event "*** SCC Grand Prix: Titled Tuesday Blitz"]
[Site "Chess.com"]
[Date "2020.06.23"]
[Round "10"]
[White "gumimis"]
[Black "Boninknights"]
[Result "1-0"]
[WhiteElo "2168"]
[BlackElo "2294"]
[TimeControl "180+1"]
[EndTime "11:57:12 PDT"]
[Termination "gumimis won by checkmate"]

1. e4 c5 2. Nf3 Nc6 3. d4 cxd4 4. Nxd4 e5 5. Nb5 d6 6. N1c3 a6 7. Na3 Be6 8. Nc4 Rc8 9. Ne3 Nd4 10. Bd3 Ne7 11. O-O g6 12. Ncd5 Bg7 13. c3 Ndc6 14. Bc2 O-O 15. b3 Bxd5 16. Nxd5 Nxd5 17. Qxd5 Qe7 18. Bb2 Nb4 19. Qd2 Nxc2 20. Qxc2 b5 21. Rad1 f5 22. f3 Rc6 23. Qd3 Qe6 24. Qb1 a5 25.
Qd3 Rb8 26. Qe2 a4 27. Rd5 axb3 28. axb3 Rcb6 29. Rfd1 Bh6 30. Ba3 fxe4 31. fxe4 Ra6 32. Bxd6 Rba8 33. Bxe5 Ra2 34. Qxb5 Be3+ 35. Kh1 Qg4 36.
Rd8+ Kf7 37. Qe8# 1-0

[Event "*** SCC Grand Prix: Titled Tuesday Blitz"]
[Site "Chess.com"]
[Date "2020.06.23"]
[Round "10"]
[White "Andrii_Prydun"]
[Black "Baby_Legs"]
[Result "1-0"]
[WhiteElo "2413"]
[BlackElo "2587"]
[TimeControl "180+1"]
[EndTime "11:57:13 PDT"]
[Termination "Andrii_Prydun won by resignation"]

1. d4 g6 2. Nc3 Bg7 3. Bf4 d6 4. Qd2 a6 5. O-O-O e6 6. h4 h6 7. Nf3 b5 8. a3 Bb7 9. e4 Nd7 10. Bd3 Ne7 11. d5 e5 12. Be3 Nc5 13. h5 g5 14. Nxg5 hxg5 15. Bxg5 Rg8 16. h6 Bh8 17.
Be2 Qd7 18. h7 Rg6 19. Bh5 Rg7 20. Bf6 O-O-O 21. Bxg7 Bxg7 22. Bxf7 Kb8 23. b4 Na4 24.
Nxa4 bxa4 25. Qg5 Bh8 26. Be6 Qe8 27. Rd3 Ng6 28. g3 Nf4 29. gxf4 exf4 30. Rdh3 a5 31.
Qg8 Qe7 32. Rg1 Ka7 33. Qf7 Qxf7 34. Bxf7 axb4 35. Rg8 bxa3 36. Rxa3 Rb8 37. Rxb8 Kxb8 38. Rh3 Ba6 39. Rh5 a3 40. e5 Ka7 41. Rg5 a2 42. Kb2 Bc4 43. c3 Kb6 44. Rg8 Bxe5 45. h8=Q Bxh8 46. Rxh8 Kc5 47. Rh4 f3 48. Rf4 Be2 49.
Bh5 Bc4 50. Bxf3 Bd3 51. Rf7 Kb6 52. Kxa2 Bc4+ 53. Kb2 Bxd5 54. Bxd5 1-0

[Event "*** SCC Grand Prix: Titled Tuesday Blitz"]
[Site "Chess.com"]
[Date "2020.06.23"]
[Round "10"]
[White "Siniauski"]
[Black "fabianvivasz"]
[Result "1-0"]
[WhiteElo "2481"]
[BlackElo "2277"]
[TimeControl "180+1"]
[EndTime "11:57:13 PDT"]
[Termination "Siniauski won by resignation"]

1. e4 e5 2. Nf3 Nc6 3. Bc4 Nf6 4.
d3 Be7 5. c3 O-O 6. O-O d5 7.
exd5 Nxd5 8. Nbd2 Bg4 9. h3 Bh5 10. Ne4 f5 11. Ng3 Be8 12. Qb3 Na5 13. Bxd5+ Kh8 14.
Qc2 Qxd5 15. c4 Qd6 16. b3 Nc6 17. Bb2 Nb4 18. Qc3 Nxd3 19. Rad1 Rd8 20. Ne1 Nxb2 21.
Rxd6 Rxd6 22. Qxb2 e4 23. Nc2 Bf6 24. Qa3 Bg6 25.
Ne2 Rfd8 26. Ne3 Be5 27. Qa5 Re6 28. Nd5 f4 29. Nexf4 Bxf4 30. Nxf4 Rf6 31. Nxg6+ Rxg6 32. Qxa7 1-0

[Event "*** SCC Grand Prix: Titled Tuesday Blitz"]
[Site "Chess.com"]
[Date "2020.06.23"]
[Round "10"]
[White "Richarzard69"]
[Black "LogoCzar"]
[Result "1/2-1/2"]
[WhiteElo "2301"]
[BlackElo "2436"]
[TimeControl "180+1"]
[EndTime "11:57:14 PDT"]
[Termination "Game drawn by repetition"]

1. Nf3 c5 2. c4 Nf6 3. Nc3 e6 4. g3 b6 5. Bg2 Bb7 6. O-O Be7 7. b3 O-O 8. Bb2 d5 9. cxd5 Nxd5 10.
Nxd5 Bxd5 11. Rc1 Nc6 12. d4 Bf6 13. Qd2 Nxd4 14. Nxd4 Bxd4 15. Bxd4 Bxg2 16. Kxg2 Qd5+ 17. f3 cxd4 18. Rc4 Rfd8 19. Rfc1 e5 20. Qd3 g6 21. g4 Rd7 22. h4 Re8 23. Rc8 Rxc8 24. Rxc8+ Kg7 25.
h5 Re7 26. Qd2 h6 27. hxg6 fxg6 28. g5 h5 29. Qc1 e4 30. Qf4 exf3+ 31. exf3 Rf7 32.
Rc7 Rxc7 33. Qxc7+ Qf7 34. Qe5+ Kh7 35. Qxd4 Qe7 36. f4 Qe2+ 37. Kg1 Qg4+ 38. Kf2 Qe6 39. Kg3 a5 40. Kf2 h4 41. Qd8 Qf7 42. Qd6 Qb7 43.
Qe5 h3 44. Kg3 Qg2+ 45. Kh4 Qf2+ 46. Kxh3 Qf3+ 47. Kh2 Qf2+ 48. Kh3 Qf3+ 49. Kh2 Qf2+ 50. Kh3 1/2-1/2

[Event "*** SCC Grand Prix: Titled Tuesday Blitz"]
[Site "Chess.com"]
[Date "2020.06.23"]
[Round "10"]
[White "NormWeinstein"]
[Black "davigator"]
[Result "1-0"]
[WhiteElo "2496"]
[BlackElo "2293"]
[TimeControl "180+1"]
[EndTime "11:57:14 PDT"]
[Termination "NormWeinstein won by checkmate"]

1. e4 c5 2. Nf3 Nc6 3. Nc3 Nf6 4. e5 Ng4 5. Qe2 Qc7 6. Nd5 Qb8 7. d4 e6 8. h3 exd5 9. hxg4 cxd4 10. Bf4 b5 11. O-O-O Qb6 12. g3 Bb7 13. Qxb5 Bc5 14. Qxb6 Bxb6 15.
Bd3 h6 16. a3 O-O-O 17. Kb1 Rde8 18. Rhe1 g5 19. Bd2 Re7 20. Bb5 Rhe8 21. Bxc6 Bxc6 22.
Bb4 Re6 23. Bd6 Kd8 24. Rh1 f6 25. Rxh6 fxe5 26. Rxe6 dxe6 27. Bxe5 Rf8 28. Nxd4 Bd7 29. f4 Ke7 30. Rh1 Rf7 31. c3 Ba4 32. Rh6 Bxd4 33. cxd4 Bb3 34. Kc1 Bc4 35. Kd2 Ke8 36. Rxe6+ Kf8 37.
Rh6 gxf4 38. gxf4 Ke7 39. g5 Rf8 40. g6 Rg8 41. f5 Kd7 42. f6 Ke6 43. f7 Rf8 44. Bg7 Rxf7 45. gxf7+ Kxf7 46. Be5 a6 47. Rb6 Ke7 48. Kc3 Kd7 49. Kb4 Kc8 50. Kc5 Kd7 51. b3 Bb5 52. a4 Bd3 53. b4 Be4 54. Rxa6 Ke7 55. Rd6 Bf3 56. b5 Bd1 57. b6 Bxa4 58. b7 Be8 59. b8=Q Bd7 60. Qc7 Kf8 61. Rxd7 Kg8 62.
Kxd5 Kf8 63. Ke4 Kg8 64. d5 Kf8 65. d6 Kg8 66. Re7 Kf8 67. Kf5 Kg8 68. Qd8# 1-0

[Event "*** SCC Grand Prix: Titled Tuesday Blitz"]
[Site "Chess.com"]
[Date "2020.06.23"]
[Round "10"]
[White "Ural_bogatyr"]
[Black "zala02"]
[Result "1-0"]
[WhiteElo "2324"]
[BlackElo "2182"]
[TimeControl "180+1"]
[EndTime "11:57:14 PDT"]
[Termination "Ural_bogatyr won on time"]

1. e4 c5 2. Nf3 Nc6 3. d4 cxd4 4. Nxd4 Nf6 5. Nc3 e5 6. Nf5 d6 7. Ne3 a6 8. Bd3 g6 9. O-O Bg7 10.
Ned5 O-O 11. Bg5 Be6 12. Kh1 Bxd5 13. Nxd5 Nb8 14. f4 Nbd7 15. fxe5 dxe5 16. Nxf6+ Bxf6 17. Rxf6 Nxf6 18. Qf3 Kg7 19. Rf1 Qb6 20. Bxf6+ Kg8 21.
Qg3 Rfc8 22. Qg5 Rc6 23. Bxe5 Re8 24. Bc3 Qc5 25. Qh6 Qf8 26. Qf4 Qe7 27. Bf6 Qf8 28. h4 h5 29. e5 b5 30. Qg5 Rec8 31. Bxg6 Rxf6 32. Rxf6 Qg7 33. Bxf7+ 1-0

[Event "*** SCC Grand Prix: Titled Tuesday Blitz"]
[Site "Chess.com"]
[Date "2020.06.23"]
[Round "10"]
[White "Alexander_Donchenko"]
[Black "Radzio1987"]
[Result "1-0"]
[WhiteElo "2707"]
[BlackElo "2854"]
[TimeControl "180+1"]
[EndTime "11:57:16 PDT"]
[Termination "Alexander_Donchenko won by resignation"]

1. e4 c5 2. Nf3 d6 3. d4 cxd4 4. Nxd4 Nf6 5. Nc3 a6 6. Be3 e5 7. Nb3 Be6 8. f3 Nbd7 9. Qd2 h5 10. Nd5 Nxd5 11. exd5 Bf5 12. Bd3 Bxd3 13. Qxd3 Be7 14. O-O O-O 15. g4 hxg4 16. fxg4 Bg5 17. Rf5 Bxe3+ 18.
Qxe3 Rc8 19. c3 Qb6 20. Qxb6 Nxb6 21. Na5 Rc7 22. Rf2 Nxd5 23. Rd1 Nf6 24. g5 Ne4 25.
Re2 Nxg5 26. Rxd6 f6 27. Kg2 Kh7 28. c4 Kg6 29. b4 Rff7 30. Rxe5 Rfd7 31. Red5 Re7 32.
Kf1 Ne4 33. Rb6 Nc3 34. Rd2 Ne4 35. Rd3 Kf5 36. c5 g5 37. c6 bxc6 38. Nxc6 Re8 39. Rxa6 Kf4 40. b5 f5 41. Ra7 Rxa7 42.
Nxa7 g4 43. Nc6 Rh8 44. b6 Nc5 45. Rc3 Ne4 46. Rc2 Nd6 47. a4 Ke3 48. a5 f4 49.
a6 1-0

[Event "*** SCC Grand Prix: Titled Tuesday Blitz"]
[Site "Chess.com"]
[Date "2020.06.23"]
[Round "10"]
[White "ChessicallyInclined"]
[Black "PavelShkapenko"]
[Result "0-1"]
[WhiteElo "2494"]
[BlackElo "2669"]
[TimeControl "180+1"]
[EndTime "11:57:16 PDT"]
[Termination "PavelShkapenko won on time"]

1. d4 Nf6 2. c4 e6 3. Nc3 Bb4 4.
e3 c5 5. Ne2 cxd4 6. exd4 O-O 7. a3 Be7 8. Nf4 d6 9. Be3 Nc6 10.
d5 exd5 11. Nfxd5 Nxd5 12. cxd5 Ne5 13. Be2 Re8 14. O-O Bf5 15. b4 Bf6 16. Rc1 Ng6 17.
Nb5 Rxe3 18. fxe3 Bd7 19. Nd4 Bg5 20. Rc3 Qb6 21. Bg4 Be8 22. Bf5 Ne5 23. Kh1 g6 24.
Bh3 a5 25. Qb3 a4 26. Qd1 Bb5 27. Nxb5 Qxb5 28. Rc8+ Rxc8 29. Bxc8 Bxe3 30. Bh3 Qc4 31. Qe1 b5 32. g3 Qxd5+ 33. Bg2 Qd4 34. Qe2 Nc4 35.
Rd1 Qe5 36. Bd5 Bd4 37. Qf3 Qf6 0-1

[Event "*** SCC Grand Prix: Titled Tuesday Blitz"]
[Site "Chess.com"]
[Date "2020.06.23"]
[Round "10"]
[White "TimKett"]
[Black "alexsergeyev"]
[Result "1/2-1/2"]
[WhiteElo "2214"]
[BlackElo "2353"]
[TimeControl "180+1"]
[EndTime "11:57:16 PDT"]
[Termination "Game drawn - insufficient material"]

1. e4 e5 2. f4 Nf6 3. fxe5 Nxe4 4. Nf3 Ng5 5. d4 Nxf3+ 6. Qxf3 Qh4+ 7. Qf2 Qxf2+ 8.
Kxf2 d6 9. exd6 Bxd6 10. Nc3 Nc6 11. Nb5 Bf5 12. Nxd6+ cxd6 13. c3 Kd7 14. Bf4 Be4 15.
Be2 f5 16. Rhe1 g5 17. Bd2 d5 18. Rad1 f4 19. c4 Rae8 20. b3 h5 21. Bc3 g4 22.
Bd3 g3+ 23. Kg1 gxh2+ 24. Kxh2 Bxd3 25. Rxe8 Rxe8 26. Rxd3 Re4 27. Kh3 Ne7 28. Bd2 Nf5 29. cxd5 Kd6 30. Rf3 Kxd5 31. Rxf4 Rxf4 32. Bxf4 Kxd4 33.
g4 hxg4+ 34. Kxg4 Ne3+ 35. Kf3 Nd1 36. Ke2 Nc3+ 37. Kd2 Nxa2 38. Be3+ Kd5 39. Bxa7 Nb4 40. Bb8 Nc6 41. Bh2 Nd4 42. Kc3 Ne2+ 43. Kb4 Nd4 44. Bg1 Nxb3 45. Kxb3 b5 46. Bf2 b4 47. Kxb4 1/2-1/2

[Event "*** SCC Grand Prix: Titled Tuesday Blitz"]
[Site "Chess.com"]
[Date "2020.06.23"]
[Round "10"]
[White "Munkhzul_Turmunkh"]
[Black "Igor_Lysyj"]
[Result "0-1"]
[WhiteElo "2626"]
[BlackElo "2779"]
[TimeControl "180+1"]
[EndTime "11:57:17 PDT"]
[Termination "Igor_Lysyj won by resignation"]

1. e4 e5 2. Nf3 Nc6 3. Bb5 a6 4. Ba4 Nf6 5. O-O Bc5 6. c3 O-O 7. d4 Ba7 8. dxe5 Nxe4 9. Qd5 Nc5 10. Bc2 Ne7 11. Qc4 d5 12. exd6 Qxd6 13. Bf4 Qd5 14. Qxd5 Nxd5 15. Bg3 f5 16. Be5 Ne4 17. Nbd2 Nxd2 18. Nxd2 c6 19. Nf3 Bd7 20. Rad1 Rad8 21. Rfe1 Rfe8 22. Kf1 Bc8 23. Bb3 Be6 24. Nd4 Bxd4 25.
Bxd4 Kf7 26. f3 g6 27. Kf2 Nf4 28.
Bxe6+ Rxe6 29. Rxe6 Nxe6 30. Ke3 c5 31. Rd2 cxd4+ 32. cxd4 Rd5 33. b3 Ke7 34. a4 Kd7 35. g3 b5 36. a5 b4 37. g4 Rxa5 38. d5 Nc7 39. gxf5 gxf5 40. d6 Ne6 41. h4 Rc5 42. Ra2 a5 43. h5 Kxd6 0-1

[Event "*** SCC Grand Prix: Titled Tuesday Blitz"]
[Site "Chess.com"]
[Date "2020.06.23"]
[Round "10"]
[White "chess94cu"]
[Black "MarcoRiehle"]
[Result "0-1"]
[WhiteElo "2550"]
[BlackElo "2711"]
[TimeControl "180+1"]
[EndTime "11:57:17 PDT"]
[Termination "MarcoRiehle won by resignation"]

1. d4 d5 2. c4 e6 3. Nf3 Nf6 4. Nc3 c5 5. e3 cxd4 6. exd4 Be7 7. cxd5 Nxd5 8. Bd3 O-O 9. O-O Nc6 10. a3 a6 11.
Qe2 Bf6 12. Rd1 b5 13. Qe4 g6 14. Bh6 Re8 15. Ne5 Bb7 16. Nxd5 exd5 17. Qf4 Nxe5 18. dxe5 Bxe5 19. Qg4 Bc8 20. Qg5 Qxg5 21. Bxg5 Bxb2 22. Ra2 Bg7 23. Bc2 Be6 24. Bb3 d4 25. Bxe6 Rxe6 26. Kf1 Rc8 27. Bd2 h5 28. a4 bxa4 29. Rxa4 Rc2 30. g3 Kh7 31. h4 Rb6 32. Be1 Be5 33. Ra5 Bf6 34. Ra4 Rbc6 35. Bd2 Kg7 36. Bg5 Be5 37. Ra5 f6 38. Bd2 Bc7 39. Rd5 Bb6 40. Rd7+ Kf8 41. Bh6+ Ke8 42. Rg7 Re6 43. Rd2 Rxd2 44. Bxd2 f5 45. Rb7 Kd8 46. Bf4 Kc8 47. Rg7 a5 48. Rg8+ Kb7 49. Rb8+ Ka7 50. Rc8 Ka6 51. Rb8 a4 52. Ra8+ Ba7 53.
Bd2 a3 54. Rc8 a2 55. Rc1 Rb6 56. Rc2 a1=Q+ 0-1

[Event "*** SCC Grand Prix: Titled Tuesday Blitz"]
[Site "Chess.com"]
[Date "2020.06.23"]
[Round "10"]
[White "chipmunknau"]
[Black "Elegance_Riks"]
[Result "0-1"]
[WhiteElo "2598"]
[BlackElo "2599"]
[TimeControl "180+1"]
[EndTime "11:57:17 PDT"]
[Termination "Elegance_Riks won by resignation"]

1. Nf3 Nf6 2. g3 g6 3. Bg2 Bg7 4. O-O O-O 5. c4 d6 6. Nc3 e5 7.
Rb1 a5 8. a3 h6 9. d3 Be6 10.
b4 axb4 11. axb4 Nbd7 12. Nd2 c6 13. Bb2 d5 14. Qc2 Qe7 15. c5 h5 16. Ra1 h4 17. Nf3 h3 18. Bh1 Ng4 19. e4 d4 20.
Rxa8 Rxa8 21. Nb1 f5 22. exf5 gxf5 23. Nbd2 Bd5 24. Re1 Qf6 25. Nc4 e4 26. Bxd4 Qxd4 27. Nxd4 Bxd4 28. Ne3 Ra2 29. Qd1 Rxf2 30. dxe4 Bxe3 31.
Rxe3 Nxe3 32. Qc1 Rf1+ 33. Qxf1 Nxf1 34. exd5 Ne3 35. dxc6 bxc6 36. Bxc6 Ne5 37. Bh1 Kf8 38. Kf2 N3g4+ 39. Ke2 Ke7 40. b5 Nd7 41. c6 Nb6 42. Kf3 Nxh2+ 43. Kf4 Ke6 44. c7 Ng4 45. Kg5 h2 46.
Bb7 Nf2 47. c8=Q+ Nxc8 48. Bxc8+ Kd6 49. Bb7 Ne4+ 50. Kxf5 h1=Q 51. Bxe4 Qf1+ 52. Kg4 Qxb5 53. Kf4 Qe5+ 54. Kf3 Ke7 0-1

[Event "*** SCC Grand Prix: Titled Tuesday Blitz"]
[Site "Chess.com"]
[Date "2020.06.23"]
[Round "10"]
[White "Shankovskyi"]
[Black "dennisodessa"]
[Result "1-0"]
[WhiteElo "2450"]
[BlackElo "2260"]
[TimeControl "180+1"]
[EndTime "11:57:17 PDT"]
[Termination "Shankovskyi won by checkmate"]

1. e4 e6 2. d4 d5 3. Nc3 Nc6 4. Nf3 Nf6 5. Bg5 Be7 6. exd5 exd5 7. h3 O-O 8. Bb5 Ne4 9. Bxe7 Qxe7 10. Nxd5 Qe6 11.
Nxc7 Qe7 12. Nd5 Qe6 13. Ne3 Ng3 14. d5 Qe7 15. Rg1 Qb4+ 16. c3 Qxb2 17. fxg3 Qxb5 18.
dxc6 bxc6 19. Kf2 Re8 20. Re1 Qb6 21. Qb3 Qc7 22. Rad1 Be6 23. Qa4 c5 24. Rd2 Rab8 25. Red1 h6 26. c4 Rb4 27. Qxe8+ Kh7 28. Nd5 Bxd5 29. cxd5 Qd6 30. Qe5 Rb6 31. Qxd6 Rxd6 32. Rc2 c4 33. Rxc4 Kg6 34. Rc6 Rxc6 35. dxc6 f5 36.
c7 f4 37. c8=Q fxg3+ 38. Kxg3 h5 39. Rd6+ Kh7 40. Ng5# 1-0

[Event "*** SCC Grand Prix: Titled Tuesday Blitz"]
[Site "Chess.com"]
[Date "2020.06.23"]
[Round "10"]
[White "HouseOfDurin"]
[Black "rududuyk"]
[Result "1-0"]
[WhiteElo "1935"]
[BlackElo "2115"]
[TimeControl "180+1"]
[EndTime "11:57:18 PDT"]
[Termination "HouseOfDurin won on time"]

1. d4 e6 2. h4 f5 3. Bg5 Nf6 4. c4 Be7 5. Nc3 b6 6. Nf3 Bb7 7. e3 Ne4 8. Bxe7 Qxe7 9. Nxe4 Bxe4 10. a3 d6 11. Ng5 Nd7 12. Nxe4 fxe4 13. d5 O-O 14. g3 Ne5 15. Be2 Qf6 16. O-O Nf3+ 17. Bxf3 exf3 18. dxe6 Kh8 19. Qd5 Rae8 20. Rfd1 Rxe6 21.
Rd4 Re5 22. Qc6 Qe6 23. Kh2 Qe7 24. Rad1 Re8 25. Qxf3 Rf8 26. Qg2 Ref5 27. Rf4 Qe5 28. b4 Qb2 29. Rd5 Rxf4 30. exf4 Qxa3 31. Rh5 Qd3 32. Qd5 Qxd5 33. Rxd5 Re8 34. c5 1-0

[Event "*** SCC Grand Prix: Titled Tuesday Blitz"]
[Site "Chess.com"]
[Date "2020.06.23"]
[Round "10"]
[White "kingofthenil"]
[Black "jlandaw"]
[Result "0-1"]
[WhiteElo "2414"]
[BlackElo "2549"]
[TimeControl "180+1"]
[EndTime "11:57:19 PDT"]
[Termination "jlandaw won on time"]

1. d4 d5 2. c4 c6 3. cxd5 cxd5 4. Bf4 Nc6 5. e3 Nf6 6. Nc3 a6 7. Be2 g6 8. Nf3 Bg7 9. h3 O-O 10. O-O b5 11. Rc1 Na5 12. b3 Bf5 13. Ne5 Rc8 14. a4 b4 15. Na2 Rxc1 16. Nxc1 Qb6 17. Bd3 Bxd3 18. Ncxd3 Rc8 19. Nc5 Ne4 20. Ned7 Qa7 21.
Nxe4 dxe4 22. Nc5 e5 23. dxe5 Qxc5 24. Qd7 Nxb3 25. Rd1 h6 26. e6 fxe6 27. Qxe6+ Kh7 28. Rd6 Qf5 29. Qxb3 Rc1+ 30. Rd1 Rxd1+ 31. Qxd1 a5 32.
Qb3 Qc5 33. Qe6 Qc1+ 34. Kh2 Qc3 35. Qxe4 b3 36. h4 h5 37. g4 Qc2 0-1

[Event "*** SCC Grand Prix: Titled Tuesday Blitz"]
[Site "Chess.com"]
[Date "2020.06.23"]
[Round "10"]
[White "IM_Tissir"]
[Black "Gerasimenyuk_Miha"]
[Result "0-1"]
[WhiteElo "2445"]
[BlackElo "2340"]
[TimeControl "180+1"]
[EndTime "11:57:19 PDT"]
[Termination "Gerasimenyuk_Miha won on time"]

1. e4 d5 2. Nc3 dxe4 3. Nxe4 Nf6 4. Ng3 h5 5. h3 c6 6. d4 h4 7. N3e2 Qc7 8. Bf4 Qb6 9. Qc1 Bf5 10. c3 e6 11. Be3 Nd5 12. Bd2 Nd7 13. Nf3 O-O-O 14. Nf4 e5 15. Nxd5 cxd5 16. dxe5 Bc5 17.
Be3 f6 18. exf6 Bxe3 19. fxe3 Rhe8 20. Nd4 Qxf6 21. Bb5 Be4 22. Qd2 Nc5 23. O-O-O a6 24. Rhf1 Qb6 25. Be2 Kb8 26. Rg1 Rc8 27. Rdf1 Qa5 28.
b4 Qa3+ 29. Qb2 Qxb2+ 30. Kxb2 Na4+ 31. Kb3 Nxc3 32. Bg4 Rc7 33. Rc1 Nb5 34. Nxb5 axb5 35. Rxc7 Kxc7 36. Rc1+ Kd6 37. Rc5 Bd3 38. Kc3 Bc4 39.
Bf3 Rxe3+ 40. Kd2 Re8 41. a3 b6 0-1

[Event "*** SCC Grand Prix: Titled Tuesday Blitz"]
[Site "Chess.com"]
[Date "2020.06.23"]
[Round "10"]
[White "Leonid_Starozhilov"]
[Black "Thej11"]
[Result "1-0"]
[WhiteElo "2716"]
[BlackElo "2532"]
[TimeControl "180+1"]
[EndTime "11:57:20 PDT"]
[Termination "Leonid_Starozhilov won by resignation"]

1. b3 d5 2. Bb2 Nf6 3. Nf3 Bf5 4. e3 e6 5. Be2 Be7 6. O-O O-O 7. c4 c6 8. Nc3 h6 9. d4 Nbd7 10. Rc1 Ne4 11. Nd2 Nxc3 12. Bxc3 Ba3 13. Ra1 a5 14. Re1 Re8 15. Bf3 Nf6 16. e4 dxe4 17. Nxe4 Nxe4 18.
Bxe4 Bxe4 19. Rxe4 Qd6 20. Qe2 Bb4 21. Rc1 Bxc3 22.
Rxc3 a4 23. g3 axb3 24. axb3 Ra1+ 25. Kg2 Rea8 26. Rd3 R8a2 27. Rd2 Ra3 28. d5 cxd5 29.
cxd5 exd5 30. Re8+ Kh7 31. Qf3 Qc6 32. Qxf7 d4+ 33.
f3 Ra6 34. Rde2 d3 35. Qg8+ Kg6 36. R2e6+ Qxe6 37. Rxe6+ Rxe6 38. Qxe6+ 1-0

[Event "*** SCC Grand Prix: Titled Tuesday Blitz"]
[Site "Chess.com"]
[Date "2020.06.23"]
[Round "10"]
[White "Gareth-Bale11"]
[Black "ferdipy"]
[Result "1-0"]
[WhiteElo "2698"]
[BlackElo "2371"]
[TimeControl "180+1"]
[EndTime "11:57:20 PDT"]
[Termination "Gareth-Bale11 won by resignation"]

1. d4 e6 2. Bf4 Nf6 3. Nf3 c5 4. e3 b6 5. Nc3 Bb7 6. dxc5 bxc5 7. Nb5 Na6 8. Be2 d5 9. O-O Be7 10.
c4 O-O 11. Qa4 Qb6 12. Rac1 Rac8 13. Rfd1 Rfd8 14. a3 Nh5 15. Be5 f6 16. Bc3 g5 17.
cxd5 Bxd5 18. h4 Ng7 19. hxg5 fxg5 20. Qg4 h6 21. Qh3 h5 22. Nxg5 Bxg5 23. Qg3 Bh6 24. Qg6 e5 25. Qxb6 axb6 26. Rxd5 Rxd5 27. Bc4 Kf8 28. Bxd5 Nc7 29. Nxc7 Rxc7 30. Bxe5 Rd7 31.
Rd1 Ne6 32. Bb3 Rxd1+ 33. Bxd1 h4 34. f4 c4 35. Be2 b5 36. a4 bxa4 37. Bxc4 Nd8 38.
Kf2 Nf7 39. Bd4 Nd6 40. Bc5 Ke7 41. Kf3 Kd7 42. Bxd6 Kxd6 43. Bb5 Bg7 44. Bxa4 Bxb2 45. e4 Bc1 46. Bb3 Ke7 47. e5 1-0

[Event "*** SCC Grand Prix: Titled Tuesday Blitz"]
[Site "Chess.com"]
[Date "2020.06.23"]
[Round "10"]
[White "1977Ivan"]
[Black "hansen"]
[Result "1-0"]
[WhiteElo "2674"]
[BlackElo "2954"]
[TimeControl "180+1"]
[EndTime "11:57:21 PDT"]
[Termination "1977Ivan won by resignation"]

1. d4 Nf6 2. Nc3 d5 3. Bf4 c6 4. e3 Bf5 5. f3 Qb6 6. g4 Qxb2 7. Na4 Qa3 8. c3 b5 9. gxf5 bxa4 10. Rb1 Nbd7 11.
Ba6 Nh5 12. Bc7 e5 13. Bb7 Rd8 14. Bxd8 Kxd8 15. Ne2 Kc7 16. Ba6 Nb6 17. Kf2 Bd6 18. Qc2 g6 19. c4 exd4 20. Nxd4 Re8 21. Rhe1 dxc4 22. Bxc4 Qc5 23. Bxf7 Qxc2+ 24. Nxc2 Rf8 25. fxg6 hxg6 26. Bxg6 Nf6 27. h4 Nc4 28. Ke2 Bc5 29. h5 Ne5 30. Red1 Nd5 31. Nd4 Nc3+ 32. Kf2 Bxd4 33.
Rxd4 Nxf3 34. Rf4 Rxf4 35. exf4 Nh4 36. Bd3 Nxb1 37. Bxb1 Kd6 38. Kg3 1-0

[Event "*** SCC Grand Prix: Titled Tuesday Blitz"]
[Site "Chess.com"]
[Date "2020.06.23"]
[Round "10"]
[White "kushagramohan"]
[Black "zaur-mammadov"]
[Result "1-0"]
[WhiteElo "2727"]
[BlackElo "2605"]
[TimeControl "180+1"]
[EndTime "11:57:21 PDT"]
[Termination "kushagramohan won by resignation"]

1. e4 e6 2. d4 d5 3. Nd2 Be7 4. c3 c5 5. e5 Nc6 6. Bd3 cxd4 7. cxd4 Qb6 8. Ndf3 Bd7 9. Ne2 Nh6 10. Bxh6 gxh6 11.
O-O Rc8 12. Qd2 Bf8 13. a3 a5 14.
Rac1 Bg7 15. Bb1 a4 16. Nf4 Ne7 17. Nh5 Bf8 18. Nf6+ Kd8 19. Rxc8+ Bxc8 20. Qc2 Nc6 21. h3 Be7 22. Nxh7 Nxd4 23. Nxd4 Qxd4 24. Rc1 Qc4 25. Qd2 Qb5 26. Bd3 Qb6 27. Rc2 Bd7 28.
Qxh6 Qb3 29. Qd2 Bc6 30. Ng5 Rf8 31. Nf3 Qb6 32. h4 Kd7 33. h5 d4 34. Qf4 Rg8 35.
h6 Bxf3 36. Qxf3 Qb3 37. h7 Rh8 38. Qe4 Qb6 39. Qf4 Qb3 40. Qxd4+ Qd5 41. Qxd5+ exd5 42. Bf5+ 1-0

[Event "*** SCC Grand Prix: Titled Tuesday Blitz"]
[Site "Chess.com"]
[Date "2020.06.23"]
[Round "10"]
[White "LuckIsMySkill"]
[Black "Kildepiotr"]
[Result "1-0"]
[WhiteElo "2724"]
[BlackElo "2600"]
[TimeControl "180+1"]
[EndTime "11:57:21 PDT"]
[Termination "LuckIsMySkill won by resignation"]

1. Nf3 g6 2. c4 Bg7 3. Nc3 c6 4. d4 d6 5. b4 Nf6 6. Bb2 O-O 7. e3 Nbd7 8. a4 e5 9. b5 Qe7 10. Be2 e4 11. Nd2 Re8 12. a5 c5 13. Nb3 h5 14.
O-O Nf8 15. Ba3 b6 16. axb6 axb6 17. dxc5 bxc5 18. Bb2 Bg4 19. Na5 Ne6 20. h3 Bxe2 21. Qxe2 Qc7 22. Nc6 Qb7 23. Qd2 Qd7 24. Nd5 Nxd5 25.
cxd5 Nf8 26. Bxg7 Kxg7 27. Qb2+ f6 28. Rxa8 Rxa8 29. Ra1 Rxa1+ 30. Qxa1 Qb7 31. Qa6 Qxa6 32. bxa6 Nd7 33. Na5 Nb6 34. a7 f5 35. Nc4 Na8 36. Nxd6 Kf6 37. Nc4 Ke7 38. g4 hxg4 39. hxg4 Kd7 40.
Kg2 Kc7 41. d6+ Kc6 42. Kg3 1-0